 Dungeon Crawl Stone Soup version 0.28-a0-938-gbc3f381ebc (webtiles) character file.

Game seed: 1757688161813793005

82 BinkBink the Ducker (level 4, -1/23 HPs)
             Began as a Spriggan Abyssal Knight on Nov 28, 2021.
             Was a Follower of Lugonu.
             Slain by an ogre (20 damage)
             ... on level 4 of the Dungeon.
             The game lasted 00:07:51 (3936 turns).

BinkBink the Ducker (Spriggan Abyssal Knight)       Turns: 3936, Time: 00:07:52

Health: -1/23      AC:  3    Str:  9    XL:     4   Next: 21%
Magic:  6/6        EV: 22    Int: 11    God:    Lugonu [*.....]
Gold:   174        SH:  0    Dex: 16    Spells: 3/3 levels left

rFire   . . .      SeeInvis +   m - +3 dagger
rCold   . . .      Faith    .   (shield restricted)
rNeg    . . .      Spirit   .   b - +1 robe
rPois   .          Reflect  .   (helmet restricted)
rElec   .          Harm     .   (no cloak)
rCorr   +          Rampage  .   (gloves unavailable)
Will    .....                   (boots unavailable)
Stlth   ++........              (no amulet)
HPRegen 0.07/turn               e - +4 ring of evasion
MPRegen 0.10/turn               i - ring of resist corrosion

@: very quick
A: very small, no large weapons, unfitting armour, see invisible, speed 3
a: Renounce Religion, Depart the Abyss


You were on level 4 of the Dungeon.
You worshipped Lugonu.
Lugonu was aware of your devotion.
You visited 1 branch of the dungeon, and saw 4 of its levels.
You visited the Abyss 1 time.

You collected 174 gold pieces.

Inventory:

Hand Weapons
 a - a +1 short sword
 m - a +3 dagger (weapon)
Missiles
 h - a throwing net
Armour
 b - a +1 robe (worn)
Jewellery
 d - a ring of poison resistance
 e - a +4 ring of evasion (left hand)
 i - a ring of resist corrosion (right hand)
 q - a ring of fire
Wands
 f - a wand of paralysis (10)
Scrolls
 c - 2 scrolls of magic mapping
 j - a scroll of teleportation
 p - a scroll of identify
 r - a scroll of enchant weapon {unknown}
Potions
 g - 2 potions of haste {unknown}
 k - a potion of lignification {unknown}
 l - 2 potions of degeneration {unknown}
 n - a potion of curing {unknown}
 o - a potion of berserk rage {unknown}


   Skills:
 + Level 2.9 Fighting
 + Level 3.4 Short Blades
 + Level 4.0 Dodging
 + Level 2.3 Stealth
 + Level 1.9 Invocations


You had 3 spell levels left.
You didn't know any spells.
Your spell library contained the following spells:

 Spells                   Type           Power      Damage    Failure   Level
 Sting                    Tmut/Pois      0%         1d3       34%         1
 Poisonous Vapours        Pois/Air       0%         N/A       47%         2
 Olgreb's Toxic Radiance  Pois           0%         N/A       98%         4


Dungeon Overview and Level Annotations

Branches:
Dungeon (4/15)
 Temple: D:4-7

Altars:
Makhleb
Qazlal

Shops:
D:1 :

Annotations:
D:4 Blork the orc


Innate Abilities, Weirdness & Mutations

You are very small and have problems with some larger weapons.
You are too small for most types of armour.
You have supernaturally acute eyesight. (SInv)
You cover ground extremely quickly. (Speed+++)


Message History

There is a stone staircase leading down here.
You climb downwards.
You hear the sound of rushing water.
There is an entrance to a sewer on this level.
Hurry and find it before the portal rusts away!
There is a stone staircase leading up here.
Blork the orc comes into view.
He is wielding a +0 trident.
An adder skeleton comes into view.
Blork the orc shouts!
You hear a shout!
An ogre comes into view. It is wielding a +0 giant club.
Blork the orc barely misses you.
You hit Blork the orc.
Blork the orc is lightly wounded.
Blork the orc gestures at you while chanting.
The puff of frost misses you.
You hit Blork the orc but do no damage.
Blork the orc is lightly wounded.
Blork the orc barely misses you.
You hit the ogre.
The ogre is lightly wounded.
Blork the orc screams, "I'll rip your head off!"
Blork the orc casts a spell.
Blork the orc seems to speed up.
The ogre completely misses you.
You completely miss the ogre.
The ogre is lightly wounded.
You hit the ogre.
The ogre is moderately wounded.
The ogre completely misses you.
You hit the ogre.
The ogre is heavily wounded.
Blork the orc closely misses you.
Blork the orc hits you from afar with a +0 trident.
You hit the ogre.
The ogre is heavily wounded.
The ogre completely misses you. Blork the orc completely misses you.
You barely miss the ogre.
The ogre is heavily wounded.
Blork the orc misses you.
The ogre hits you with a +0 giant club!!
Ouch! That really hurt!
You die...

# #. . #.###
######....
#..#.
#.<.......
#...##
#.#####...
##...## #.#
#.....#####.#
#....oO@....#
#....Z#######
##...## #....
##.... #.####
#. #. #.


You could see Blork the orc (fast), an ogre and an adder skeleton.

Vanquished Creatures
  2 adders (D:3)
  2 worms (D:2)
  4 bats
  8 endoplasms
  5 goblins
  6 hobgoblins
  4 jackals (D:3)
  7 kobolds
  4 ball pythons
  6 frilled lizards
  5 rats
53 creatures vanquished.

Vanquished Creatures (others)
  5 plants (D:2)
5 creatures vanquished.

Grand Total: 58 creatures vanquished

Notes
Turn   | Place    | Note
-------+----------+-------------------------------------------
     0 | Abyss:1  | BinkBink the Spriggan Abyssal Knight began the quest for
                  | the Orb.
     0 | Abyss:1  | Reached XP level 1. HP: 11/11 MP: 3/3
    33 | Abyss:1  | Noticed an ancient zyme
    81 | Abyss:2  | Noticed an orange demon
    83 | Abyss:2  | Noticed a small abomination
    84 | Abyss:2  | Noticed a chaos spawn
   102 | Abyss:2  | Noticed a small abomination
   105 | Abyss:2  | Noticed a smoke demon
   105 | Abyss:2  | Noticed a flying skull
   157 | Abyss:2  | Noticed a wraith
   170 | Abyss:2  | Noticed a thrashing horror
   170 | Abyss:2  | Noticed a thrashing horror
   181 | D:1      | Escaped the Abyss
   427 | D:1      | Found Nasan's Book Emporium.
   828 | D:1      | Reached XP level 2. HP: 7/16 MP: 4/4
  2291 | D:2      | Reached * piety under Lugonu
  2372 | D:2      | Reached XP level 3. HP: 19/19 MP: 5/5
  2457 | D:2      | Found a stormy altar of Qazlal.
  2486 | D:2      | Reached skill level 1 in Stealth
  3430 | D:3      | Reached skill level 4 in Dodging
  3449 | D:3      | Reached XP level 4. HP: 23/23 MP: 6/6
  3600 | D:3      | Found a burning altar of Makhleb.
  3921 | D:4      | Noticed Blork the orc
  3925 | D:4      | Noticed an ogre
  3936 | D:4      | Slain by an ogre

Illustrated notes

Levels and vault maps discovered:
D:1:      noname_arrival_rooms_in_the_neighbourhood, layout_rooms, serial_shops,
          nicolae_shop_crystal, roderic_serpentine_path
D:2:      layout_basic, basic_altar, serial_bayou_lagoon_a, minmay_nonomino_d4
D:3:      layout_basic, kennysheep_flooded_box
D:4:      layout_loops_ring, nicolae_hepliaklqana_monster_ancestors,
          okawaru_altar_gauntlet_db, gup_sewer_entry_bubbles, minmay_between,
          uniq_natasha, uniq_blork_the_orc

Skill      XL: |  1  2  3 |
---------------+----------+-----
Stealth        | 2 |  2.3
Short Blades   | 3 |  3.4
Dodging        | 4 |  4.0
Fighting       | |  2.9
Invocations    | |  1.9

Action                   |  1- 3 |  4- 6 || total
-------------------------+-------+-------++-------
Melee: Short sword       |   126 |       ||   126
       Dagger            |    44 |    23 ||    67
Invok: Depart the Abyss  |     1 |       ||     1
  Use: Scroll            |     6 |       ||     6
 Stab: Sleeping          |     8 |     1 ||     9
Armor: Robe              |     9 |     1 ||    10
Dodge: Dodged            |   108 |    18 ||   126

Table legend: (Time is in decaauts)
 A = Elapsed time spent in this place.
 B = Non-inter-level travel time spent in this place.
 C = Inter-level travel time spent in this place.
 D = Time resting spent in this place.
 E = Time spent auto-exploring this place.
 F = Levels seen in this place.
 G = Mean time per level.
                   A        B        C        D        E       F      G
               +--------+--------+--------+--------+--------+-----+--------+
         Total |   3029 |   2957 |     72 |      0 |   2432 |   6 |  504.8 |
       Dungeon |   2916 |   2844 |     72 |      0 |   2406 |   4 |  729.0 |
         Abyss |    113 |    113 |      0 |      0 |     25 |   2 |   56.5 |
               +--------+--------+--------+--------+--------+-----+--------+

Top non-repeatable levels by time:
     D:2: 1201 daAuts
     D:1: 969 daAuts
     D:3: 730 daAuts
 Abyss:2: 89 daAuts
 Abyss:1: 23 daAuts
     D:4: 15 daAuts
